 Dungeon Crawl Stone Soup version 0.25.1-2-g60ff931df9 (webtiles) character file.

Game seed: 11221545447871452483

957 Borneo the Conjurer (level 7, -1/51 HPs)
             Began as a Demigod Conjurer on Oct 28, 2020.
             Succumbed to an adder's poison
             ... on level 5 of the Dungeon.
             The game lasted 00:19:59 (6366 turns).

Borneo the Conjurer (Demigod Conjurer)              Turns: 6366, Time: 00:20:00

Health: -1/51      AC:  2    Str: 19    XL:     7   Next: 60%
Magic:  0/17       EV: 13    Int: 21    God:
Gold:   183        SH:  0    Dex: 16    Spells: 5/15 levels left

rFire    . . .     SeeInvis .     - Unarmed
rCold    . . .     Gourm    .   (no shield)
rNeg     . . .     Faith    .   a - +0 robe
rPois    .         Spirit   .   (no helmet)
rElec    .         Reflect  .   (no cloak)
rCorr    .         Harm     .   (no gloves)
MR       .....                  (no boots)
Stlth    +++.......             p - amulet of regeneration
HPRegen  0.57/turn              k - +6 ring of strength
MPRegen  0.15/turn              o - ring of stealth

@: lethally poisoned (-1 -> -17)
A: high mp 1
a: no special abilities


You were on level 5 of the Dungeon.
You were not hungry.

You visited 1 branch of the dungeon, and saw 5 of its levels.
You also visited: Sewer.

You collected 183 gold pieces.

Inventory:

Armour
 a - a +0 robe (worn)
Jewellery
 k - a +6 ring of strength (left hand)
 o - a ring of stealth (right hand)
 p - an amulet of regeneration (around neck)
 v - an uncursed ring of positive energy
Wands
 b - a wand of acid (8)
 t - a wand of digging (3)
Scrolls
 d - 6 scrolls of amnesia
 e - 2 scrolls of fog {unknown}
 f - 3 scrolls of teleportation {unknown}
 g - a scroll of blinking {unknown}
 i - a scroll of fear {unknown}
 j - a scroll of enchant armour {unknown}
 r - a scroll of remove curse {unknown}
 s - 2 scrolls of identify
Potions
 h - a potion of flight
 l - a potion of stabbing
 m - a potion of brilliance
 n - a potion of might
 q - 3 potions of lignification {unknown}
 u - 2 potions of magic {unknown}
Comestibles
 c - 10 rations


   Skills:
 + Level 0.7 Fighting
 + Level 3.0 Dodging
 + Level 3.1 Stealth
 + Level 1.2 Unarmed Combat
 + Level 4.9 Spellcasting
 + Level 6.3 Conjurations
 + Level 0.2 Hexes


You had 5 spell levels left.
You knew the following spells:

 Your Spells              Type           Power        Failure   Level  Hunger
a - Magic Dart            Conj           ####         1%          1    None
b - Searing Ray           Conj           ####..       1%          2    None
c - Dazzling Flash        Conj/Hex       ###...       9%          3    ##.....
d - Iskenderun's Mystic   Conj/Tloc      ###.....     30%         4    ####...

Your spell library contained the following spells:

 Spells                   Type           Power        Failure   Level  Hunger
 Fulminant Prism          Conj/Hex       ###.......   28%         4    ####...


Dungeon Overview and Level Annotations

Branches:
Dungeon (5/15)              Sewer (visited)
 Temple: D:4-7

Shops:
D:4 %   D:5 [


Innate Abilities, Weirdness & Mutations

You have an increased reservoir of magic. (+10% MP)


Message History

The searing ray hits the adder!
The adder is almost dead. (Press . to maintain the ray.)
* * * LOW HITPOINT WARNING * * *
You feel very sick.
* * * LOW HITPOINT WARNING * * *
You feel sick. The adder bites you.
* * * LOW HITPOINT WARNING * * *
You are more poisoned.
The adder poisons you!
* * * LOW HITPOINT WARNING * * *
You feel very sick.
You are too injured to fight recklessly!
You miss the adder.
The adder is almost dead.
* * * LOW HITPOINT WARNING * * *
You feel sick. The adder closely misses you.
You hit the adder.
You kill the adder!
You die...

#.#.###.## #.#.#.....
########.#.#.#..#
#........#.#.#...
#.#...####.#.#.#.
#.#..........#..∩
#.#...#.....##.#.
######.#...#....(.....
#...†@.....#.....#####
#.####....#####..# #.#
#....# #### #.# #....#
#.# #.####
...........#..
#.##.†#....#.#
.≈≈.≈≈.....# ..#≈#
#≈...#...


There were no monsters in sight!

Vanquished Creatures
  Duvessa (D:4)
  A water moccasin (D:5)
  An ice beast (D:5)
  A phantom (D:4)
  Dowan (D:4)
  A scorpion (D:4)
  A water moccasin skeleton (D:5)
  2 howler monkeys (D:5)
  A bullfrog zombie (D:5)
  Ijyb (D:4)
  A worker ant (D:4)
  A hound zombie (D:5)
  11 adders
  An ooze (D:3)
  3 worms
  3 dart slugs
  6 leopard geckos
  3 orcs (D:3)
  11 giant cockroaches
  12 goblins
  6 hobgoblins
  15 jackals
  A quokka (D:3)
  2 ball pythons
  6 bats
  14 frilled lizards
  9 kobolds
  A quokka skeleton (D:4)
  6 rats
123 creatures vanquished.

Notes
Turn   | Place    | Note
-------+----------+-------------------------------------------
     0 | D:1      | Borneo the Demigod Conjurer began the quest for the Orb.
     0 | D:1      | Reached XP level 1. HP: 14/14 MP: 5/5
   212 | D:1      | Reached skill level 4 in Conjurations
   217 | D:1      | Reached XP level 2. HP: 20/20 MP: 0/7
  1019 | D:2      | Reached XP level 3. HP: 26/26 MP: 3/8
  1402 | D:2      | Learned a level 2 spell: Searing Ray
  1614 | D:2      | Reached XP level 4. HP: 18/33 MP: 7/10
  2640 | D:3      | Found a glowing drain.
  2677 | Sewer    | Entered a sewer
  2931 | Sewer    | Reached skill level 5 in Conjurations
  3280 | Sewer    | Reached XP level 5. HP: 38/38 MP: 6/12
  3922 | D:3      | Found a shattered altar of Ashenzari.
  3923 | D:3      | Found a burning altar of Makhleb.
  3932 | D:3      | Found a snail-covered altar of Cheibriados.
  4602 | D:4      | Learned a level 3 spell: Dazzling Flash
  4607 | D:4      | Learned a level 4 spell: Iskenderun's Mystic Blast
  4765 | D:4      | Found an opulent altar of Gozag.
  4776 | D:4      | Noticed Duvessa
  4831 | D:4      | Killed Duvessa
  4973 | D:4      | Reached XP level 6. HP: 45/45 MP: 11/14
  5019 | D:4      | Noticed Dowan
  5052 | D:4      | Killed Dowan
  5171 | D:4      | Found a glowing golden altar of the Shining One.
  5222 | D:4      | Found a sparkling altar of Nemelex Xobeh.
  5339 | D:4      | Found Faavaaz's Food Shoppe.
  5493 | D:4      | Noticed Ijyb
  5502 | D:4      | Killed Ijyb
  5919 | D:5      | Entered Level 5 of the Dungeon
  5961 | D:5      | Reached skill level 1 in Unarmed Combat
  5961 | D:5      | Reached skill level 6 in Conjurations
  5961 | D:5      | Reached XP level 7. HP: 48/51 MP: 0/16
  6163 | D:5      | Found Jitiemoci's Antique Armour Emporium.
  6364 | D:5      | HP: 2/51 [poisoned by an adder]
  6366 | D:5      | Succumbed to an adder's poison

Illustrated notes

Levels and vault maps discovered:
D:1:      saegor_arrival_miasma, layout_basic, hangedman_decor_diamond_cutter
D:2:      minmay_spotlight, layout_basic, first_ration
D:3:      layout_basic, gammafunk_temple_overflow_forgotten, serial_rivers,
          chequers_serial_rivers_small_3, chequers_serial_rivers_micro_b,
          chequers_serial_rivers_micro_b, chequers_serial_rivers_large_b,
          portal_sewer_entry_c
D:4:      layout_cave_pods, nicolae_overflow_crystal_walls,
          lemuel_crystal_altar, serial_shops, shop, tso_metal_star,
          uniq_duvessa, uniq_ijyb
D:5:      layout_basic, nicolae_overflow_hidden_temple, lemuel_doored_altar,
          okawaru_trees_1, serial_shops, kennysheep_mini_moat, shop_fountains,
          nicolae_shop_crystal, serial_park_tiny_1

Skill      XL: |  1  2  3  4  5  6  7 |
---------------+----------------------+-----
Conjurations   | 4 5 6 |  6.3
Spellcasting   | 2 3 4 |  4.9
Dodging        | 2 3 |  3.0
Stealth        | 2 3 |  3.1
Unarmed Combat | 1 |  1.2
Fighting       | |  0.7
Hexes          | |  0.2

Action                   |  1- 3 |  4- 6 |  7- 9 || total
-------------------------+-------+-------+-------++-------
Melee: Unarmed           |    13 |    26 |    10 ||    49
 Cast: Magic Dart        |    80 |   168 |    34 ||   282
       Searing Ray       |     4 |    14 |     4 ||    22
       Dazzling Flash    |       |     1 |     1 ||     2
  Use: Scroll            |       |     9 |       ||     9
  Eat: Chunk             |     3 |    10 |     2 ||    15
       Ration            |       |     1 |       ||     1
Armor: Robe              |     4 |     6 |     4 ||    14
Dodge: Dodged            |    24 |    39 |    22 ||    85
